[Event "*** SCC Grand Prix: Titled Tuesday Blitz"]
[Site "Chess.com"]
[Date "2020.07.07"]
[Round "9"]
[White "Legendinunknown"]
[Black "TokChess"]
[Result "1-0"]
[WhiteElo "2563"]
[BlackElo "2423"]
[TimeControl "180+1"]
[EndTime "11:48:08 PDT"]
[Termination "Legendinunknown won by resignation"]

1. e4 d6 2. d4 Nf6 3. Nc3 Nbd7 4. Nf3 e5 5. g4 g6 6. g5 Nh5 7.
Bc4 Bg7 8. Be3 O-O 9. Qd2 c6 10. O-O-O b5 11. Bb3 a5 12. a3 b4 13. Nb1 exd4 14. Nxd4 Qc7 15. f4 Nc5 16. Qg2 Nxb3+ 17. Nxb3 a4 18. Nd4 Rb8 19. f5 bxa3 20. Nxa3 c5 21.
Ndb5 Rxb5 22. Nxb5 Qb7 23. f6 Qxb5 24. fxg7 Nxg7 25.
Rxd6 Ne6 26. Qd2 Qc4 27. Qd3 Qa2 28. Qa3 Qc4 29. Qd3 Qa2 30. Kd2 Qxb2 31. h4 a3 32. Qc3 Qb7 33. Rd5 Bd7 34. h5 Bc6 35. hxg6 fxg6 36. Qe5 Bxd5 37. exd5 Qb4+ 38. Qc3 Rd8 39. Qxb4 Rxd5+ 40. Kc3 cxb4+ 41. Kxb4 Nxg5 42. Kxa3 Nf3 43. Kb4 Re5 44. Bb6 g5 45. c4 g4 46. c5 Nd4 47.
Rh4 Re4 48. Kc3 Nc6 49. Kd3 Ra4 50. Rh6 Ne5+ 51. Ke3 Kg7 52. Re6 Nc4+ 53. Kf2 Nxb6 54. cxb6 Rb4 55. Kg3 Kf7 56. Rh6 Ke7 57. b7 Kd8 58.
Rxh7 Rb5 59. Kxg4 Rb4+ 60. Kf3 Rb5 61. Ke4 Rb4+ 62. Kd3 Rb1 63. Kc2 Rb6 64. Kc3 Rb5 65.
Kc4 Rb1 66. Kc5 Rb2 67. Kc6 Rc2+ 68. Kb6 Rb2+ 69. Ka7 Ra2+ 70. Kb8 Rb2 71. Rh4 Kd7 72. Rd4+ Kc6 73. Rc4+ Kd7 74. Rc3 Rb4 75. Rd3+ Kc6 76.
Kc8 Rh4 77. b8=Q Rh8+ 78. Rd8 1-0

[Event "*** SCC Grand Prix: Titled Tuesday Blitz"]
[Site "Chess.com"]
[Date "2020.07.07"]
[Round "9"]
[White "annamaja"]
[Black "guillembaches"]
[Result "1-0"]
[WhiteElo "2272"]
[BlackElo "2395"]
[TimeControl "180+1"]
[EndTime "11:48:08 PDT"]
[Termination "annamaja won on time"]

1. e4 c5 2. Nf3 d6 3. d4 cxd4 4.
Nxd4 Nf6 5. Nc3 Nc6 6. Be2 e5 7. Nb3 Be7 8. O-O O-O 9. Be3 Be6 10. Kh1 a5 11. a4 Nb4 12. f4 Qc7 13. f5 Bd7 14. g4 Bc6 15. Bf3 d5 16. exd5 Rad8 17. Qe2 e4 18. Nxe4 Bxd5 19. Nxf6+ Bxf6 20. Bxd5 Nxd5 21. Bd4 Nf4 22. Qf3 Bxd4 23. Qxf4 Be5 24. Qf2 Bxb2 25.
Rab1 Bf6 26. Rfd1 h6 27. Qg2 Rfe8 28. Rxd8 Rxd8 29. Re1 Kh7 30. h3 Qc3 31. Rf1 Rc8 32. Rf3 Qxc2 33. Qxc2 Rxc2 34. Nxa5 b6 35. Nb7 Rc4 36.
Rb3 Bd4 37. Ra3 h5 38. Nd6 Rc2 39. Nxf7 Bc5 40. Rb3 hxg4 41. hxg4 Rc4 42. Ng5+ Kh6 43. Nf7+ Kh7 44. Rh3+ Kg8 45. Ng5 Rxg4 46. Ne6 Bf2 47. Rf3 Bh4 48. Rd3 Bf6 49. Rd5 Rxa4 50. Rd7 Ra5 51.
Rb7 Rxf5 52. Rxb6 Re5 53. Rb8+ Kh7 54. Nf8+ Kh6 55. Rb3 Re1+ 56. Kg2 Re2+ 57. Kf1 Re8 58. Nd7 Bg5 59. Rb6+ Kh5 60. Kg2 Kg4 61. Rb4+ Bf4 62. Rb2 g5 63. Nf6+ 1-0

[Event "*** SCC Grand Prix: Titled Tuesday Blitz"]
[Site "Chess.com"]
[Date "2020.07.07"]
[Round "9"]
[White "KaspMagAlpha"]
[Black "yuliagok"]
[Result "1-0"]
[WhiteElo "2245"]
[BlackElo "2110"]
[TimeControl "180+1"]
[EndTime "11:48:08 PDT"]
[Termination "KaspMagAlpha won by resignation"]

1. d4 Nf6 2. c4 e6 3. Nf3 b6 4. a3 g6 5. g3 Bb7 6. Bg2 Bg7 7. O-O O-O 8. Nc3 d6 9. Bg5 h6 10. Bxf6 Qxf6 11. e3 Nd7 12. b4 a5 13. b5 Rad8 14.
Rc1 g5 15. Ne5 Bxg2 16. Nxd7 Rxd7 17. Kxg2 d5 18. cxd5 exd5 19. Ne2 Qe6 20. Rc3 f5 21.
Qc2 Rff7 22. Rc1 Kh7 23. Rc6 Qe7 24. g4 Qe4+ 25. Qxe4 fxe4 26. Ng3 Bf8 27. a4 Bd6 28. Nf5 Rxf5 29. gxf5 Kg7 30. f3 Kf6 31. fxe4 dxe4 32. Rf1 h5 33. h3 g4 34. hxg4 Rg7 35. Rf4 Rxg4+ 36. Rxg4 hxg4 37. Rc1 Kxf5 38. Rf1+ Ke6 39. Rh1 Kd5 40. Rh4 g3 41. Rg4 Kc4 42. Rxe4 Kb4 43.
d5+ Kc5 44. Rh4 Kxd5 45. Kf3 c6 46. Rh5+ Ke6 47. bxc6 Bc7 48. Rh6+ Kd5 49. Rg6 Kc5 50. e4 b5 51. Rg5+ Kxc6 52. Rxb5 Kd6 53. Kxg3 Ke6+ 54.
Kf3 Kd6 55. Ke3 Kc6 56. Kd4 Bb6+ 57. Kc4 Bc7 58. e5 Bd8 59. Kd4 Kd7 60. Kd5 Bc7 61. e6+ Ke7 62. Rb7 Kd8 63. Kc6 Bf4 64. Rf7 Ke8 65.
Rxf4 Ke7 66. Kd5 Ke8 67. Rc4 1-0

[Event "*** SCC Grand Prix: Titled Tuesday Blitz"]
[Site "Chess.com"]
[Date "2020.07.07"]
[Round "9"]
[White "BakaPG"]
[Black "viktorskliarov"]
[Result "1-0"]
[WhiteElo "2660"]
[BlackElo "2519"]
[TimeControl "180+1"]
[EndTime "11:48:10 PDT"]
[Termination "BakaPG won by checkmate"]

1. e4 c5 2. Nf3 Nc6 3. Nc3 Nf6 4. Bb5 Nd4 5. e5 Nxb5 6. Nxb5 Nd5 7. O-O a6 8. c4 Nb4 9. Nc3 g6 10. d4 cxd4 11. Nd5 Nxd5 12. cxd5 Bg7 13. d6 exd6 14. Bg5 Qa5 15. exd6 O-O 16. Be7 Re8 17. Qb3 Qf5 18. Rad1 b5 19. Nxd4 Qg4 20. Nc2 Bb7 21. Ne3 Qe6 22.
Qxe6 fxe6 23. b3 Rac8 24. Rc1 Bb2 25. Rb1 Bd4 26. Rfe1 Kf7 27. h4 h5 28. Rbd1 e5 29.
Kh2 Rc3 30. Rd2 Rec8 31. Red1 Ke6 32. Rxd4 exd4 33. Rxd4 Rxe3 34. fxe3 Rc2 35. Kg1 Rxg2+ 36. Kf1 Rxa2 37. Rf4 Bg2+ 38. Ke1 Bh3 39. Rf6+ Kd5 40. Rxg6 Bg4 41. Kf1 Ke4 42. Bg5 Kf3 43. Rf6+ Kg3 44. Ke1 Re2+ 45. Kf1 Rd2 46. Bf4+ Kxh4 47. e4 Rd3 48. b4 Kh3 49. Kf2 Be6 50. Ke2 Rd4 51.
Ke3 Rd1 52. Ke2 Bg4+ 53. Ke3 Kg2 54. e5 h4 55. Rg6 Kh3 56. Ke4 Re1+ 57. Be3 Rd1 58.
Bd4 Be6 59. Rxe6 dxe6 60. d7 Re1+ 61. Kd3 Rd1+ 62. Ke3 Kg2 63. d8=Q h3 64. Qg5+ Kh1 65. Qg4 Rd3+ 66. Kxd3 h2 67. Qe2 a5 68. Qf1# 1-0

[Event "*** SCC Grand Prix: Titled Tuesday Blitz"]
[Site "Chess.com"]
[Date "2020.07.07"]
[Round "9"]
[White "ShapkinAnatoliy"]
[Black "okriak"]
[Result "1/2-1/2"]
[WhiteElo "2607"]
[BlackElo "2721"]
[TimeControl "180+1"]
[EndTime "11:48:15 PDT"]
[Termination "Game drawn - insufficient material"]

1. d4 d6 2. Nf3 Bg4 3. c4 Bxf3 4.
exf3 c6 5. Be2 Nf6 6. O-O d5 7. Nc3 e6 8. cxd5 Nxd5 9. f4 Nd7 10. Bf3 N7f6 11. a3 Be7 12. Re1 O-O 13. g3 Re8 14.
Qd3 Bf8 15. Nd1 g6 16. Ne3 Bg7 17. Nc4 Ne7 18. Ne5 Nf5 19. Be3 Nd5 20. Rad1 Qb6 21. Nc4 Qa6 22. Kg2 Rad8 23. h4 h5 24. Qc2 Bf6 25.
Ne5 Kg7 26. Bc1 Rh8 27. Be4 Qb6 28. Be3 Nde7 29. Qc3 Nd5 30. Qc2 Qa5 31. Bc1 Nde7 32. Be3 Qc7 33. b4 a6 34. Qc5 Nd5 35. Bc1 Nb6 36.
Qc3 Rd6 37. Rd2 Rhd8 38. Red1 Nc8 39. Rd3 Nce7 40. Bb2 Nd5 41. Qc1 Nb6 42. Qc2 Qb8 43. a4 Nd5 44. Qb3 Qa7 45. a5 b6 46.
axb6 Qxb6 47. Bc3 Nxc3 48. Qxc3 Bxe5 49. dxe5 Rxd3 50. Rxd3 Rxd3 51. Bxd3 Ne7 52. Qc4 Nd5 53. Qxa6 Qxa6 54. Bxa6 Nxb4 55. Bc4 Kf8 56. Kf3 Ke7 57. Ke4 Nd5 58. f3 Nb6 59. Be2 Nd7 60. g4 f5+ 61. exf6+ Nxf6+ 62. Ke5 Nd7+ 63. Ke4 Kf6 64. g5+ Ke7 65.
Kd4 Nb6 66. Bd3 Kf7 67. Be4 Nd5 68. Ke5 Ne7 69. Kd6 Nd5 70. Ke5 Ne3 71. Bxc6 Ng2 72. Bd7 Nxh4 73. Bxe6+ Ke7 74. f5 gxf5 75. Bxf5 Nxf3+ 76.
Kf4 Nd4 77. Bg6 Ne6+ 78. Kg3 Nxg5 79. Bxh5 1/2-1/2

[Event "*** SCC Grand Prix: Titled Tuesday Blitz"]
[Site "Chess.com"]
[Date "2020.07.07"]
[Round "9"]
[White "profofchess"]
[Black "dodorox"]
[Result "1/2-1/2"]
[WhiteElo "2431"]
[BlackElo "2100"]
[TimeControl "180+1"]
[EndTime "11:48:15 PDT"]
[Termination "Game drawn by repetition"]

1. e4 e6 2. d4 d5 3. Nc3 Nf6 4. Bg5 dxe4 5. Nxe4 Be7 6. Bxf6 gxf6 7. Nf3 f5 8. Nc3 a6 9. g3 b5 10. Bg2 Bb7 11.
O-O Qd6 12. a3 Nd7 13. Qe2 O-O-O 14. Rfd1 h5 15. d5 e5 16. h4 Rdg8 17. b4 Bf6 18. a4 e4 19. Nd4 Qxb4 20. Qe3 Ne5 21. Rdb1 Qxd4 22. Qxd4 Nf3+ 23. Bxf3 Bxd4 24. Be2 Rxg3+ 25. Kf1 Rxc3 26. axb5 axb5 27. Rxb5 Rh3 28. Rab1 Rh1+ 29. Kg2 Rxb1 30. Rxb1 Bxd5 31. Rd1 c5 32. c3 e3+ 33. f3 Rg8+ 34. Kf1 Bb3 35. Rb1 Bc2 36. Ra1 Be5 37. Ra2 Bh2 38. Ba6+ Kc7 39. Rxc2 Rg1+ 40.
Ke2 Rg2+ 41. Kd3 Rxc2 42. Kxc2 Bg3 43. Bd3 f4 44. Kd1 Bxh4 45. Bc4 f6 46. Bf7 Kd6 47.
Bxh5 Bg3 48. Ke2 Kc6 49. Bf7 Kb5 50. Be6 Ka4 51. Kd3 Ka3 52. Bc4 Kb2 53. Bb5 e2 54. Kxe2 Kxc3 55. Ba6 c4 56. Bb5 Kd4 57. Bd7 c3 58.
Bf5 Bh4 59. Bg6 Bg5 60. Bf5 Bh6 61. Bg6 Bf8 62. Bh7 Ba3 63. Bg6 Kc4 64. Bf5 Kb3 65.
Kd1 Kb2 66. Bg6 Bc5 67. Bc2 Be3 68. Bf5 Ka3 69. Be4 Kb4 70. Kc2 Kc4 71. Bf5 Kd4 72. Be4 Bd2 73. Bf5 Ke3 74. Be4 f5 75. Bd5 Ke2 76.
Bc6 Ke3 77. Bb7 Ke2 78. Bc6 Ke3 79. Bb7 Ke2 80. Bc6 1/2-1/2

[Event "*** SCC Grand Prix: Titled Tuesday Blitz"]
[Site "Chess.com"]
[Date "2020.07.07"]
[Round "9"]
[White "The_Machine04"]
[Black "Sofiia_Hryzlova"]
[Result "0-1"]
[WhiteElo "2250"]
[BlackElo "2129"]
[TimeControl "180+1"]
[EndTime "11:48:19 PDT"]
[Termination "Sofiia_Hryzlova won on time"]

1. d4 Nf6 2. Bg5 e6 3. Nd2 h6 4.
Bh4 d5 5. e3 c5 6. c3 Nc6 7.
Bd3 b6 8. f4 Be7 9. Ngf3 Bb7 10.
Ne5 Qc7 11. Qf3 g5 12. fxg5 hxg5 13. Bxg5 Nxe5 14. dxe5 Qxe5 15. Bf4 Qh5 16. Qxh5 Nxh5 17. O-O Kd7 18. Rae1 Rag8 19. g3 f6 20. e4 e5 21. Be3 Nxg3 22. hxg3 Rxg3+ 23. Kf2 Rhh3 24. Rh1 d4 25. Rxh3 Rxh3 26. Kg2 Rxe3 27. Rxe3 dxe3 28. Nc4 f5 29. Kf3 Ke6 30. Kxe3 Bg5+ 31. Ke2 fxe4 32. Bc2 Bd5 33. b3 b5 34. Ne3 Bxe3 35. Kxe3 Kf5 36. Bd1 a5 37. Be2 b4 38. c4 Bc6 39.
Bh5 a4 40. Bf7 axb3 41. axb3 Bb7 42. Bg8 Bc6 43. Bf7 Bd7 44. Bd5 Kf6 45. Bb7 Be8 46.
Bd5 Bh5 47. Kd2 Bf3 48. Ke3 Kf5 49. Bf7 Bg2 50. Bg8 Bf3 51. Bh7+ Kg4 52. Bxe4 Bd1 53. Bd5 Bxb3 54. Kd2 Kf4 55. Kd3 Ba2 56. Kc2 b3+ 57.
Kb2 e4 58. Bf7 Kf3 59. Bh5+ Kf2 60. Bg6 e3 61. Bd3 e2 62. Bxe2 Kxe2 63. Ka3 Kd1 64. Kb2 Kd2 65. Ka1 Kd3 66. Kb2 Kxc4 67. Ka1 Kb4 68. Kb2 c4 69. Ka1 Bb1 70. Kxb1 Ka3 71. Ka1 c3 72. Kb1 b2 73. Kc2 Ka2 74. Kxc3 b1=Q 75. Kc4 Qb2 0-1

[Event "*** SCC Grand Prix: Titled Tuesday Blitz"]
[Site "Chess.com"]
[Date "2020.07.07"]
[Round "9"]
[White "esrosenberg"]
[Black "boasovietica"]
[Result "0-1"]
[WhiteElo "2279"]
[BlackElo "2439"]
[TimeControl "180+1"]
[EndTime "11:48:20 PDT"]
[Termination "boasovietica won by checkmate"]

1. Nf3 d6 2. d4 Nf6 3. c4 g6 4. Nc3 Bg7 5. e4 O-O 6. h3 c5 7. d5 e6 8. Bd3 exd5 9. exd5 Re8+ 10. Be3 Bh6 11. O-O Bxe3 12. fxe3 a6 13. Qd2 Nbd7 14. e4 Qe7 15. Rae1 Ne5 16. Nxe5 Qxe5 17. Bc2 Bd7 18. Qf2 Kg7 19. Qh4 Re7 20. Rf2 Rae8 21. Ref1 Ng8 22. Ne2 Qxb2 23. Ng3 Qe5 24. Nf5+ gxf5 25. Rxf5 Bxf5 26.
Rxf5 Qd4+ 27. Kh2 Re5 28. Qg3+ Kf8 29. Rf3 h6 30. Ba4 Rg5 31. Qf4 Qe5 32. Bxe8 Kxe8 33. g3 Qxf4 34. gxf4 Rg7 35. e5 Kd7 36. f5 f6 37. e6+ Kc7 38. a4 Ne7 39. h4 Rg4 40. Kh3 h5 41. a5 b6 42. axb6+ Kxb6 43. Rb3+ Ka7 44. Rc3 Nxf5 45. Rc1 Ne7 46. Rf1 f5 47. Rb1 f4 48. Rf1 Ng6 49. Re1 Ne7 50. Re4 Kb7 51. Re1 Kc7 52. Ra1 f3 53. Rf1 Rf4 54. Kg3 Rf5 55.
Rxf3 Rxf3+ 56. Kxf3 a5 57. Ke3 Nf5+ 58. Kf4 Nxh4 59.
Kg5 a4 60. Kxh4 Kd8 61. Kg5 Ke7 62. Kxh5 a3 63. Kg4 a2 64. Kf5 a1=Q 65. Ke4 Qd4+ 66. Kf5 Qxc4 67. Kg6 Qxd5 68. Kg7 Qxe6 69. Kh7 Qg4 70.
Kh6 Kf7 71. Kh7 Qh4# 0-1

[Event "*** SCC Grand Prix: Titled Tuesday Blitz"]
[Site "Chess.com"]
[Date "2020.07.07"]
[Round "9"]
[White "Anton_Demchenko"]
[Black "RobertoJBM"]
[Result "1-0"]
[WhiteElo "2869"]
[BlackElo "2711"]
[TimeControl "180+1"]
[EndTime "11:48:27 PDT"]
[Termination "Anton_Demchenko won on time"]

1. d4 d5 2. Nf3 c6 3. Bf4 Qb6 4. Nbd2 Bf5 5. e3 Nd7 6. Qc1 e6 7. c4 Ngf6 8. Be2 h6 9. h3 Be7 10. O-O a5 11. b3 a4 12. c5 Qa5 13. Qa3 b5 14. b4 Qd8 15. Bd3 O-O 16. Rfe1 Ne4 17. Rad1 Ndf6 18. Ne5 Rc8 19. Nf1 Ng5 20. f3 Bxd3 21. Qxd3 Nd7 22. Ng4 f5 23. Nf2 Nh7 24. Bh2 Bh4 25. Bd6 Rf7 26. g3 Be7 27. Be5 Bf6 28.
f4 g5 29. Kh2 Bg7 30. Nd2 h5 31. Rg1 g4 32. Kg2 Ndf6 33. Rh1 Ne4 34. Ndxe4 dxe4 35. Qe2 Qd5 36. hxg4 hxg4 37. Rd2 Nf6 38. Nd1 Qd7 39. Nf2 Nd5 40. Rh4 Bxe5 41. dxe5 Rh7 42. Nxg4 fxg4 43. Qxg4+ Rg7 44. Qe2 Kf7 45. Qh5+ Ke7 46. Re2 Rcg8 47. g4 Kd8 48. g5 Nc3 49. Rf2 Qd3 50. Rh3 Kc7 51.
Qh6 Rg6 52. Qh7+ R8g7 53. Qh8 Rg8 54. Qh7+ Qd7 55. Qxd7+ Kxd7 56. Rd2+ Nd5 57. Kf2 Ke8 58. a3 Kf7 59. Rd4 Nc3 60. Rd7+ Ke8 61. Rhh7 Nd5 62. Ra7 R6g7 63. Rhxg7 Rxg7 64. Rxg7 Nc3 65. Rh7 Kf8 66. g6 Nb1 67. Rf7+ Kg8 68. f5 Nxa3 69. fxe6 Nc4 70. e7 Nd6 71. cxd6 1-0

[Event "*** SCC Grand Prix: Titled Tuesday Blitz"]
[Site "Chess.com"]
[Date "2020.07.07"]
[Round "9"]
[White "jocmil"]
[Black "Mikhal867"]
[Result "1-0"]
[WhiteElo "2488"]
[BlackElo "2367"]
[TimeControl "180+1"]
[EndTime "11:48:32 PDT"]
[Termination "jocmil won on time"]

1. d4 Nf6 2. Bf4 g6 3. e3 Bg7 4. Nd2 O-O 5. h3 c5 6. c3 b6 7. Be2 Bb7 8. Bf3 Nc6 9. d5 Nb8 10. d6 Bxf3 11. Qxf3 Nc6 12. Ne2 e5 13. Bg5 h6 14. Bxf6 Qxf6 15. Qxf6 Bxf6 16. h4 Rfe8 17. h5 Bg7 18. hxg6 fxg6 19. Ne4 Re6 20. O-O-O Rf8 21.
c4 Na5 22. b3 Nb7 23. N2c3 Rf7 24. Nb5 Re8 25. Kb2 a5 26. a4 Rb8 27. Rh3 Nd8 28. Rg3 g5 29. Rh3 Ne6 30. g4 Rbf8 31. Rh2 Rf3 32. Kc2 Nd8 33. Kd2 Nc6 34. Ke2 Nb4 35.
Nbc3 R3f7 36. Nd5 Nxd5 37. Rxd5 Re8 38. Rd1 Re6 39. Rdh1 Bf8 40. f3 Kg7 41. Rd1 Kg6 42. Kf2 Bg7 43. Kg3 Re8 44. Rf1 Ref8 45. Rhf2 Re8 46.
Kg2 Re6 47. Rd2 Bf8 48. Ng3 Ref6 49. e4 Re6 50. Nf5 Rff6 51. Rh1 Kh7 52. Kg3 Rg6 53. Rd5 Rgf6 54. Rh5 Rg6 55. Rd1 Bxd6 56. Rd5 Kg8 57. Rh1 Kf7 58. Rhd1 Bf8 59. Rxd7+ Kg8 60. Rc7 Bd6 61.
Rc6 Bf8 62. Rxe6 Rxe6 63. Rd5 Kf7 64. Ne3 Rd6 65. Nf5 Rxd5 66. exd5 Kf6 67. Ne3 Bd6 68.
Kf2 e4 69. fxe4 Bf4 70. Nf5 Ke5 71. Kf3 Bh2 72. Nxh6 Kd4 73. Nf5+ Kc3 74. d6 Kxb3 75. d7 Bc7 76. e5 Kxc4 77. e6 1-0

[Event "*** SCC Grand Prix: Titled Tuesday Blitz"]
[Site "Chess.com"]
[Date "2020.07.07"]
[Round "9"]
[White "Tekushka"]
[Black "aNaartjieZA"]
[Result "1-0"]
[WhiteElo "2371"]
[BlackElo "2513"]
[TimeControl "180+1"]
[EndTime "11:48:37 PDT"]
[Termination "Tekushka won by checkmate"]

1. d4 Nf6 2. c4 c5 3. d5 e5 4. Nc3 d6 5. e4 Nbd7 6. Bd3 Be7 7. Nge2 h5 8. h4 Nf8 9. f3 N6d7 10. g3 a6 11. a4 g5 12. hxg5 Bxg5 13. f4 Bf6 14. Be3 h4 15. f5 Rg8 16. gxh4 Bxh4+ 17. Kd2 Bg5 18. Qg1 Bxe3+ 19. Qxe3 Nf6 20. Kc2 Ng4 21.
Qd2 Nf6 22. Rag1 Rxg1 23. Rxg1 Qe7 24. Qh6 Bd7 25. Rg7 O-O-O 26. Ng3 N8h7 27. Rxh7 Nxh7 28. Qxh7 Qg5 29. Nge2 Qf6 30. Qh3 Rh8 31. Qg4 Rh2 32. b3 Rh1 33. Nd1 Kc7 34. Nf2 Rh2 35. Qg3 Rh8 36. Nc3 Qh6 37. Ncd1 f6 38. Ne3 Qf4 39. Qxf4 exf4 40. Neg4 Be8 41. Nxf6 Rh2 42. Ng4 Rg2 43. Bf1 Rg3 44. e5 dxe5 45. Nxe5 Bd7 46. Nxd7 Kxd7 47. Bd3 Rf3 48. Ne4 b6 49. Kd2 Rh3 50. Bc2 Rh2+ 51. Kc3 f3 52. Bd3 Rh4 53. a5 bxa5 54. Nxc5+ Kd6 55. Ne4+ Ke5 56. Nd2 Rf4 57. Nf1 f2 58.
Kd2 Kd6 59. Ke3 Rh4 60. f6 Rh6 61. Kxf2 Rxf6+ 62. Ke3 Kc5 63. Nd2 Kb4 64. Kd4 Rf8 65.
d6 Rf4+ 66. Kd5 Rf2 67. Ne4 Rf8 68. c5 Kxb3 69. Bxa6 a4 70. Bc4+ Kb4 71. d7 a3 72.
c6 Rf5+ 73. Kd4 Rc5 74. d8=Q Rxc4+ 75. Kd3 Rc1 76. Qb6+ Ka4 77. Qa6+ Kb3 78. Qb5+ Ka2 79. Nc3+ Ka1 80. Qb3 Rxc3+ 81. Kxc3 a2 82. Qb2# 1-0

[Event "*** SCC Grand Prix: Titled Tuesday Blitz"]
[Site "Chess.com"]
[Date "2020.07.07"]
[Round "9"]
[White "rpragchess"]
[Black "Volodar_Murzin"]
[Result "0-1"]
[WhiteElo "2809"]
[BlackElo "2707"]
[TimeControl "180+1"]
[EndTime "11:48:46 PDT"]
[Termination "Volodar_Murzin won on time"]

1. e4 c6 2. d4 d5 3. exd5 cxd5 4. Bd3 Nc6 5. c3 g6 6. Nf3 Bf5 7. O-O Nf6 8. Ne1 e6 9. Bg5 Be7 10. Bxf5 gxf5 11. Nd3 Rg8 12. Bxf6 Bxf6 13. Nd2 Qd6 14. b4 Rg4 15. Nf3 Kf8 16. Re1 Re4 17. Nd2 Rg4 18.
Re3 b6 19. Rg3 h5 20. Nf3 Kg7 21. b5 Ne7 22. Nfe5 Rxg3 23. hxg3 Rh8 24. f4 Ng8 25. a4 Bd8 26. Nc6 Nf6 27. Nde5 Ne4 28. Qf3 f6 29.
Nd3 a5 30. Nf2 Bc7 31. Qd3 Qd7 32. c4 dxc4 33. Qxc4 Nxg3 34. Nh3 h4 35. Re1 Re8 36. Qb3 Kf7 37. Qf3 Qd5 38. Qxd5 exd5 39. Rxe8 Kxe8 40.
Kf2 Ne4+ 41. Ke3 Kf7 42. Kd3 Bd6 43. Na7 Bc7 44. Nc6 Nd6 45. Ng1 Nc4 46. Nf3 Bxf4 47.
Nxh4 Ke6 48. Ng6 Bd6 49. Kc3 Kd7 50. Nh4 f4 51. Nf5 Ke6 52. Ng7+ Kf7 53. Nf5 Bc7 54. Nfe7 Ne3 55. Kd3 Ke6 56. g4 Nxg4 57. Ke2 Ne3 58. Ng6 Nc4 59. Kd3 f3 60. Nce7 Nb2+ 61. Ke3 Nxa4 62. Kxf3 Nc3 63. Nc6 Nxb5 64. Ke3 Kd7 65.
Nce7 Nd6 66. Nxd5 Bd8 67. Ngf4 b5 68. Kd3 a4 69. Nc3 f5 70. Nfd5 Kc6 71. Nb4+ Kd7 72. Nbd5 Ba5 73. Ne2 b4 74. Nef4 Kc6 75. Ne3 b3 76.
Ne6 a3 77. Nc5 b2 78. Kc2 Nb5 79. Nxf5 Nc3 0-1

[Event "*** SCC Grand Prix: Titled Tuesday Blitz"]
[Site "Chess.com"]
[Date "2020.07.07"]
[Round "9"]
[White "Harry_Rakkel"]
[Black "XiaoKangZhong"]
[Result "1-0"]
[WhiteElo "2554"]
[BlackElo "2397"]
[TimeControl "180+1"]
[EndTime "11:48:47 PDT"]
[Termination "Harry_Rakkel won by checkmate"]

1. d4 Nf6 2. c4 g6 3. Nc3 d5 4.
Bf4 Bg7 5. e3 O-O 6. Rc1 c6 7.
cxd5 Nxd5 8. Nxd5 Qxd5 9. a3 Nd7 10. Nf3 e5 11. dxe5 Qxd1+ 12. Rxd1 Re8 13. Bc4 Nc5 14.
h3 Be6 15. Bxe6 Nxe6 16. Ke2 f6 17. exf6 Nxf4+ 18. Kd2 Rad8+ 19. Kc2 Bxf6 20. Rxd8 Bxd8 21. exf4 Re2+ 22. Kb3 Rxf2 23. Rd1 Bf6 24. Rd2 Rxd2 25. Nxd2 Kf7 26. g4 Ke6 27. Ne4 Be7 28. Kc4 b6 29. a4 a6 30. b3 Bd8 31. Kd4 h6 32. Nd2 c5+ 33. Ke4 b5 34. axb5 axb5 35. Nf1 c4 36.
bxc4 bxc4 37. Ne3 c3 38. Kd3 Bf6 39. Ke4 Kd6 40. f5 g5 41. Nc2 Kc5 42. Kd3 Kd5 43. Nb4+ Kc5 44. Na2 c2 45. Nc1 Kd5 46. Nb3 Ke5 47.
Kxc2 Kf4 48. Kd3 Kg3 49. Ke4 Kxh3 50. Kf3 Kh4 51. Nd2 h5 52. gxh5 g4+ 53. Kf4 Bg5+ 54. Ke4 Bxd2 55. f6 g3 56. Kf3 Kh3 57. f7 Bb4 58. h6 g2 59. h7 g1=N+ 60. Ke4 Ne2 61. h8=Q+ Kg2 62. f8=Q Ng3+ 63. Kd3 Bxf8 64. Qxf8 Kh3 65.
Qh6+ Kg2 66. Qg6 Kf3 67. Qf6+ Kg4 68. Ke3 Nf5+ 69. Kf2 Kf4 70. Qf8 Kg4 71. Qf6 Kf4 72.
Qb6 Ke4 73. Qc6+ Kf4 74. Qf3+ Ke5 75. Qg4 Nd6 76. Kf3 Kd5 77. Ke3 Ke5 78. Qf4+ Kd5 79.
Qd4+ Kc6 80. Kf4 Nb5 81. Qc4+ Kb6 82. Ke5 Nc7 83. Kd6 Nb5+ 84. Kd7 Na7 85. Qb4+ Nb5 86. Qc4 Na7 87. Qc7+ Ka6 88. Qb8 Nb5 89. Kc6 Na7+ 90. Kc5 Nc8 91. Qxc8+ Ka7 92. Qd7+ Ka8 93. Kb6 Kb8 94.
Qb7# 1-0

[Event "*** SCC Grand Prix: Titled Tuesday Blitz"]
[Site "Chess.com"]
[Date "2020.07.07"]
[Round "9"]
[White "Parkas"]
[Black "Kopytkin"]
[Result "0-1"]
[WhiteElo "2350"]
[BlackElo "2465"]
[TimeControl "180+1"]
[EndTime "11:48:47 PDT"]
[Termination "Kopytkin won by checkmate"]

1. d4 d5 2. Nc3 Bf5 3. f3 e6 4. e4 Bg6 5. Nge2 Nf6 6. Qd3 c5 7.
Qb5+ Qd7 8. e5 Ng8 9. dxc5 Nc6 10. Bf4 Bxc2 11. Rc1 Bf5 12. g4 Bg6 13. Ng3 Nge7 14.
a3 a6 15. Qa4 d4 16. Nb5 Nd5 17. Nxd4 Nxf4 18. Nxc6 Nd5 19. Bb5 Nc7 20. Rd1 axb5 21. Rxd7 bxa4 22. Rxc7 bxc6 23. h4 Be7 24. h5 Bd3 25. Rxc6 Kd7 26. Rb6 Rhb8 27. Kd2 Bc4 28. Ne4 Rxb6 29. cxb6 Bd5 30. Kc3 Rb8 31. Rd1 Kc6 32.
Kd4 Rxb6 33. Ke3 Rb3+ 34. Kf4 g5+ 35. Nxg5 Bxg5+ 36. Kxg5 Rxf3 37. Rc1+ Kd7 38. Rd1 Ke7 39.
Rd4 Bb3 40. Rb4 Rd3 41. Rb7+ Rd7 42. Rb4 Rc7 43. Kh6 f6 44. exf6+ Kxf6 45. Rf4+ Ke5 46.
Rb4 Bc2 47. g5 Bf5 48. Rb5+ Kf4 49. Rb4+ Be4 50. Rxa4 e5 51. Rb4 Rc6+ 52. Kg7 Rd6 53. a4 Rd7+ 54. Kf6 Rd6+ 55. Kg7 Ra6 56. b3 Kf5 57. g6 hxg6 58. hxg6 Rxg6+ 59. Kf7 Ra6 60. Ke7 Bd5 61. Rb5 Ke4 62. Kd7 Kd4 63. Kc7 e4 64. Kb8 Ra8+ 65. Kc7 Re8 66. a5 e3 67. Rb4+ Kd3 68. Rb5 Be4 69. Kd7 Rh8 70. Rb6 e2 71. Rd6+ Ke3 72. b4 e1=Q 73. b5 Qxa5 74. b6 Qb5+ 75.
Kc7 Rh7+ 76. Kd8 Qg5+ 77. Kc8 Qg8+ 78. Rd8 Qc4+ 79. Kb8 Qa6 80. Rd7 Qxb6+ 81. Kc8 Qc6+ 82. Kb8 Qb5+ 83. Ka7 Qxd7+ 84. Ka6 Qd6+ 85. Ka5 Ra7+ 86. Kb5 Bd3# 0-1

[Event "*** SCC Grand Prix: Titled Tuesday Blitz"]
[Site "Chess.com"]
[Date "2020.07.07"]
[Round "9"]
[White "ArjunErigaisi2003"]
[Black "ShimanovAlex"]
[Result "1-0"]
[WhiteElo "3033"]
[BlackElo "2889"]
[TimeControl "180+1"]
[EndTime "11:48:53 PDT"]
[Termination "ArjunErigaisi2003 won on time"]

1. c4 c5 2. Nc3 Nc6 3. Nf3 Nf6 4. g3 d5 5. d4 e6 6. cxd5 Nxd5 7. Bg2 Nxc3 8. bxc3 cxd4 9. Nxd4 Nxd4 10. Qxd4 Qxd4 11. cxd4 Bd6 12. Kd2 Rb8 13. a4 Bd7 14. Ba3 Ke7 15. a5 Rhc8 16. Rhb1 Bc6 17. Bxd6+ Kxd6 18. Bxc6 Rxc6 19. Rb5 Kc7 20. e4 b6 21. axb6+ axb6 22. Kd3 Kb7 23. d5 exd5 24. exd5 Rh6 25. Re1 Rc8 26.
h4 Ka6 27. Rb2 Rd6 28. Kd4 Rcd8 29. Ra2+ Kb7 30. Re7+ R8d7 31. Rxd7+ Rxd7 32. h5 Re7 33. h6 gxh6 34. d6 Re1 35. Rc2 b5 36. Rc7+ Kb6 37. Rxf7 Rd1+ 38. Ke5 b4 39. Rf8 Kb7 40. Rf4 Kc6 41.
Rxb4 Re1+ 42. Kf6 Kxd6 43. Rd4+ Kc5 44. Rf4 Kd6 45. Kg7 h5 46. Kxh7 Rh1 47. Kg6 Rh2 48. Kg5 Ke5 49. Rf8 Ke6 50. Rf6+ Ke5 51. Rf5+ Ke6 52.
Rf8 Ke5 53. f4+ Ke6 54. f5+ Ke7 55. Rh8 Rg2 56. Rh7+ Kf8 57. Kf4 Rf2+ 58. Kg5 Rg2 59. Kf6 Kg8 60. Rxh5 Rxg3 61. Rh4 Ra3 62. Kg6 Ra1 63.
Rb4 Rg1+ 64. Kf6 Ra1 65. Rb8+ Kh7 66. Rb7+ Kh6 67. Kf7 Ra6 68. f6 Ra8 69. Rc7 Kh7 70. Rd7 Kh6 71. Re7 Kh7 72. Re4 Kh6 73. Rh4+ Kg5 74. Re4 Ra7+ 75. Re7 Ra8 76. Re5+ Kh6 77. Re6 Ra7+ 78. Kg8 Kg6 79. f7+ Kf5 80. Re8 Ra6 81. f8=Q+ Rf6 82. Re7 Rxf8+ 83. Kxf8 1-0

[Event "*** SCC Grand Prix: Titled Tuesday Blitz"]
[Site "Chess.com"]
[Date "2020.07.07"]
[Round "9"]
[White "viditchess"]
[Black "Onischuk_V"]
[Result "1/2-1/2"]
[WhiteElo "3013"]
[BlackElo "2898"]
[TimeControl "180+1"]
[EndTime "11:49:02 PDT"]
[Termination "Game drawn - insufficient material"]

1. d4 d6 2. Nf3 g6 3. g3 Bg7 4. Bg2 Nf6 5. c4 O-O 6. Nc3 Nbd7 7. O-O e5 8. e4 c6 9. Be3 Qe7 10. Re1 b6 11. h3 Bb7 12. Qc2 Rfe8 13. Rad1 Rac8 14.
a3 a6 15. dxe5 dxe5 16. b4 c5 17. b5 a5 18. Nd5 Qf8 19. Nd2 h6 20. h4 Red8 21.
Bh3 Rb8 22. a4 Ba8 23. Nb1 Ne8 24. Nbc3 Ndf6 25. Nxf6+ Nxf6 26. f3 Ne8 27. Bd7 Nd6 28. Bc6 Nxc4 29. Nd5 Nxe3 30. Rxe3 Rd6 31. Bxa8 Rxa8 32.
Red3 Kh7 33. g4 Rc8 34. Qc4 Re6 35. Ne3 Qe7 36. Ng2 Qe8 37. Rd7 Bf8 38. R1d5 Be7 39. Kh2 Kg7 40. Kh3 Rd8 41. Rxd8 Bxd8 42. Ne3 Qe7 43. Ng2 Rd6 44. Kg3 Rxd5 45. Qxd5 Qc7 46.
Ne3 Qe7 47. Ng2 Qf6 48. Kf2 Qe7 49. Ke2 Bc7 50. Kd3 c4+ 51. Qxc4 Bd6 52. h5 Bc5 53. hxg6 fxg6 54. Qd5 Qf6 55. Ke2 h5 56. Qd7+ Qf7 57. Qxf7+ Kxf7 58. gxh5 gxh5 59. Nh4 Kf6 60. Nf5 Kg5 61.
Kf1 Kf4 62. Kg2 Bd4 63. Ne7 Ke3 64. Nc6 Kd3 65. f4 exf4 66. Kf3 Bc5 67. e5 Kc4 68. e6 Kb3 69. Ne5 Kxa4 70. Nd7 Bd6 71. Nxb6+ Kxb5 72. Nd5 Bc5 73. Nc3+ Kc4 74. Na4 Bd6 75. Nb6+ Kb5 76. Nd5 a4 77. Nc3+ Kb4 78. Nxa4 Kxa4 79. e7 Bxe7 80.
Kxf4 Kb4 81. Kg3 Kc4 82. Kg2 h4 83. Kh1 h3 84. Kh2 Bd6+ 85. Kxh3 1/2-1/2